 Dungeon Crawl Stone Soup version 0.27-a0-951-gae3e1deef5 (webtiles) character file.

Game seed: 2326747482365621901

139 Alarkh the Insei (level 5, 41/41 HPs)
             Began as a Demonspawn Gladiator on Apr 11, 2021.
             Got out of the dungeon alive.
             The game lasted 00:01:52 (2228 turns).

Alarkh the Insei (Demonspawn Gladiator)             Turns: 2228, Time: 00:01:53

Health: 41/41      AC:  4    Str: 14    XL:     5   Next: 1%
Magic:  5/5        EV: 12    Int: 10    God:
Gold:   80         SH:  5    Dex: 15    Spells: 4/4 levels left

rFire    . . .     SeeInvis .     - Unarmed
rCold    . . .     Faith    .   (no shield)
rNeg     . . .     Spirit   .   a - +0 leather armour
rPois    .         Reflect  +   b - +0 helmet
rElec    .         Harm     .   (no cloak)
rCorr    .         Rampage  .   (no gloves)
Will     .....                  (no boots)
Stlth    +.........             m - amulet of reflection
HPRegen  0.13/turn              (no ring)
MPRegen  0.09/turn              (no ring)

@: no status effects
A: ignite blood 1, spiny 1
a: no special abilities


You escaped.
You visited 1 branch of the dungeon, and saw 3 of its levels.

You collected 80 gold pieces.

Inventory:

Missiles
 c - 3 throwing nets (quivered)
 o - 18 poisoned darts
Armour
 a - a +0 leather armour (worn)
 b - a +0 helmet (worn)
Jewellery
 m - an amulet of reflection (around neck)
Scrolls
 f - 2 scrolls of vulnerability
 g - a scroll of fog {unknown}
 h - a scroll of identify
 i - a scroll of blinking {unknown}
 j - a scroll of amnesia {unknown}
 n - 2 scrolls of teleportation {unknown}
 p - a scroll of magic mapping {unknown}
Potions
 d - a potion of curing
 e - a potion of cancellation {unknown}
 k - a potion of berserk rage {unknown}
 l - a potion of heal wounds {unknown}
 q - a potion of flight {unknown}
 r - a potion of magic {unknown}


   Skills:
 + Level 3.3 Fighting
 - Level 1.7 Throwing
 - Level 2.6 Dodging
 * Level 4.5 Unarmed Combat


You had 4 spell levels left.
You didn't know any spells.
Your spell library contained the following spells:

 Spells                   Type           Power      Damage    Failure   Level
 Confusing Touch          Hex            0%         N/A       82%         3
 Gell's Gravitas          Tloc           0%         N/A       82%         3
 Petrify                  Tmut/Erth      0%         N/A       99%         4
 Metabolic Englaciation   Hex/Ice        0%         N/A       100%        5
 Yara's Violent Unravell  Hex/Tmut       0%         3d3       100%        5


Dungeon Overview and Level Annotations

Branches:
Dungeon (3/15)

Altars:
Zin

Shops:
D:3 *

Annotations:
D:2 1 runed translucent door, Crazy Yiuf


Innate Abilities, Weirdness & Mutations

Your demonic aura sometimes causes spilled blood to erupt in flames You are partially covered in sharp spines.


Message History

The kobold is struck by your spines.
You kill the kobold!
The giant cockroach bites you but does no damage.
You hit the giant cockroach.
You kill the giant cockroach!
No target in view!
No target in view!
No target in view!
No target in view!
No target in view!
No target in view!
No target in view!
No target in view!
No target in view!
No target in view!
No target in view!
No target in view!
No target in view!
No target in view!
(D) Dungeon
Where to? (Enter - D:3, ? - help)
What level of the Dungeon? (default 1, ? - help)
There is an open door here.
There is a stone staircase leading up here.
You climb upwards.
Level annotation: 1 runed translucent door, Crazy Yiuf
There is a stone staircase leading down here.
HP restored.
There is a stone staircase leading up here.
You climb upwards.
There is a stone staircase leading down here.
Unknown command.
Unknown command.
You open the door.
There is an open door here.
There is an escape hatch in the floor here.
There is an open door here.
There is a staircase leading out of the dungeon here.
Are you sure you want to leave the Dungeon?
This will make you lose the game!
You have escaped!

##.#....#.##.........####.....##.
#>#.#.##.###.......## #.....##.
#........# ##.....## #.....##.
###.###### ##...## #.#.####.
###.### ##'## #........ #.....#
#.# ###.##### #.....#### #.# #.#
#........# ######## #.#
#.....##.# #@...'.#####.#
#.....##.# #....#'#.....#
########.# ####'#.....### #.#
##.......#.# #.######.....##'#.#
#.........####..#)#
#######.#'####..#.# ###...##..###
#...##..#


There were no monsters in sight!

Vanquished Creatures
  5 adders
  2 worms
  3 dart slugs
  5 orcs (D:3)
  5 ball pythons
  An endoplasm (D:2)
  5 giant cockroaches
  6 goblins
  10 hobgoblins
  6 jackals (D:2)
  7 kobolds
  3 quokkas (D:1)
  6 bats
  5 frilled lizards
  4 rats
73 creatures vanquished.

Notes
Turn   | Place    | Note
-------+----------+-------------------------------------------
     0 | D:1      | Alarkh the Demonspawn Gladiator began the quest for the
                  | Orb.
     0 | D:1      | Reached XP level 1. HP: 16/16 MP: 1/1
   289 | D:1      | Reached skill level 3 in Unarmed Combat
   330 | D:1      | Gained mutation: You are partially covered in sharp spines.
                  | [demonic ancestry]
   330 | D:1      | Reached XP level 2. HP: 11/22 MP: 2/2
   914 | D:1      | Reached XP level 3. HP: 28/28 MP: 3/3
  1364 | D:2      | Reached skill level 4 in Unarmed Combat
  1364 | D:2      | Reached XP level 4. HP: 33/34 MP: 4/4
  1614 | D:2      | Found a runed translucent door.
  1615 | D:2      | Noticed Crazy Yiuf
  1901 | D:3      | Found Tillibella's Assorted Antiques.
  2125 | D:3      | Gained mutation: Your demonic aura sometimes causes spilled
                  | blood to erupt in flames [demonic ancestry]
  2125 | D:3      | Reached XP level 5. HP: 34/41 MP: 5/5
  2228 | D:$      | Got out of the dungeon alive.

Illustrated notes

Levels and vault maps discovered:
D:1:      dpeg_arrival_short_road, layout_loops_corners, minmay_tromino_v2
D:2:      layout_basic, basic_altar, minivault_26, uniq_crazy_yiuf_cottage
D:3:      layout_basic, serial_shops, nicolae_shop_stone

Skill      XL: |  1  2  3  4 |
---------------+-------------+-----
Unarmed Combat | 3 4 |  4.5
Fighting       | 3 |  3.3
Throwing       | |  1.7
Dodging        | |  2.6

Action                   |  1- 3 |  4- 6 || total
-------------------------+-------+-------++-------
Melee: Unarmed           |   112 |    83 ||   195
       Punch             |     2 |       ||     2
  Use: Scroll            |       |     2 ||     2
 Stab: Sleeping          |       |     1 ||     1
Armor: Leather armour    |    17 |    10 ||    27
Dodge: Dodged            |    58 |    31 ||    89
Block: Other             |     6 |    15 ||    21
       Reflection        |       |     1 ||     1

Table legend: (Time is in decaauts)
 A = Elapsed time spent in this place.
 B = Non-inter-level travel time spent in this place.
 C = Inter-level travel time spent in this place.
 D = Time resting spent in this place.
 E = Time spent auto-exploring this place.
 F = Levels seen in this place.
 G = Mean time per level.
                   A        B        C        D        E       F      G
               +--------+--------+--------+--------+--------+-----+--------+
         Total |   2215 |   2031 |    184 |     65 |   1631 |   3 |  738.3 |
       Dungeon |   2215 |   2031 |    184 |     65 |   1631 |   3 |  738.3 |
               +--------+--------+--------+--------+--------+-----+--------+

Top non-repeatable levels by time:
     D:1: 1051 daAuts
     D:2: 875 daAuts
     D:3: 288 daAuts
